 Dungeon Crawl Stone Soup version 0.23-a0-143-g1adec7b (webtiles) character file.

312 KristoblXynda the Shield-Bearer (level 6, -4/55 HPs)
             Began as a Gargoyle Fighter on Sept 5, 2018.
             Slain by Menkaure (12 damage)
             ... on level 3 of the Dungeon.
             The game lasted 00:05:53 (2659 turns).

KristoblXynda the Shield-Bearer (Gargoyle Fighter)  Turns: 2659, Time: 00:05:54

Health: -4/55      AC: 23    Str: 20    XL:     6   Next: 42%
Magic:  6/6        EV:  2    Int:  9    God:
Gold:   117        SH:  9    Dex: 10    Spells: 5/5 levels left

rFire    . . .     SeeInvis .   a - +0 flail
rCold    . . .     Gourm    .   c - +0 shield
rNeg     + + +     Faith    .   (armour currently unavailable)
rPois    ∞         Spirit   .   (helmet currently unavailable)
rElec    .         Reflect  .   (cloak currently unavailable)
rCorr    .         Harm     .   (gloves currently unavailable)
MR       .....     NoTele   +   (boots currently unavailable)
Stlth    +.........             (no amulet)
HPRegen  0.18/turn              (no ring)
MPRegen  0.10/turn              (no ring)

@: tree-form
A: negative energy resistance 1, petrification resistance, rot immunity, AC +4
a: no special abilities


You were on level 3 of the Dungeon.
You were not hungry.
You were a tree.
You visited 1 branch of the dungeon, and saw 3 of its levels.

You collected 117 gold pieces.

Inventory:

Hand Weapons
 a - a +0 flail (weapon)
Missiles
 n - a throwing net (quivered)
Armour
 b - a +0 scale mail (melded)
 c - a +0 shield (worn)
 p - a +0 cloak (melded)
Scrolls
 g - 2 scrolls of fear {unknown}
 h - a scroll of amnesia {unknown}
 l - 3 scrolls of teleportation {unknown}
 m - a scroll of enchant armour {unknown}
 r - a scroll of remove curse {unknown}
Potions
 d - a potion of might
 e - 2 potions of lignification
 i - 2 potions of haste
 k - a potion of degeneration
 o - 3 potions of heal wounds
 q - a potion of resistance {unknown}
 s - a potion of brilliance {unknown}
Comestibles
 f - 2 rations


   Skills:
 - Level 3.2 Fighting
 * Level 4.8 Maces & Flails
 + Level 4.7 Armour
 + Level 4.8 Shields


You had 5 spell levels left.
You didn't know any spells.
Your spell library was empty.

Dungeon Overview and Level Annotations

Branches:
Dungeon (3/15)

Altars:
Ashenzari
Kikubaaqudgha
Yredelemnul

Annotations:
D:3 1 transporter, Menkaure


Innate Abilities, Weirdness & Mutations

You are resistant to torment.
((Your stone body is resilient. (AC +4)))
You are immune to poison.
You resist negative energy. (rN+)
((You are resistant to electric shocks. (rElec)))
((You can survive without breathing.))
You are immune to petrification.
You are immune to rotting.


Message History

You closely miss Menkaure.
Menkaure is moderately damaged.
Menkaure hits you but does no damage.
You hit Menkaure.
Menkaure is heavily damaged.
Menkaure hits you but does no damage. x2
You barely miss Menkaure.
Menkaure is moderately damaged.
Menkaure hits you but does no damage.
Unknown command.
You hit Menkaure.
Menkaure is heavily damaged.
Menkaure hits you.
* * * LOW HITPOINT WARNING * * *
You hit Menkaure but do no damage.
Menkaure is heavily damaged.
Menkaure barely misses you.
Menkaure murmurs a few words.
Menkaure hits you!
You die...

...........#############..###.#..
...........#.!$_[⌠!_$[.#......'..
...........#.M.........#..#.#.#..
...........#..##...##..#......#..
.##.######.#..#8..$8#..#.#.)#)#..
.##.# #.#..##...##..#.#.)#.#..
.##'## #.#.....©.....#.##)#.#..
.....# #.#..##...##..#.##([.###
.....#####.#..#8♣..8#..#.##...#
.....#.....#..##.M.##..#.##...#
....(#.....#...........#.##.#.###
.....#.....#..........©#.##......
###.##.....#############(###.....
#.##...........©.......# #.>...
#.##......+............# #.....
#.##......#.#.#...####.# ######
##.####...##.#^##### #.######..


You could see Menkaure.

Vanquished Creatures
  A big kobold (D:3)
  A centaur zombie (D:3)
  A centaur skeleton (D:3)
  4 gnolls (D:2)
  3 adders
  An ooze (D:2)
  2 worms
  2 dart slugs
  3 leopard geckos
  5 orcs (D:3)
  2 ball pythons
  9 bats
  5 giant cockroaches
  9 goblins
  12 hobgoblins
  11 jackals
  3 quokkas
  2 frilled lizards (D:3)
  5 kobolds
  4 rats
85 creatures vanquished.

Notes
Turn   | Place    | Note
-------+----------+-------------------------------------------
     0 | D:1      | KristoblXynda the Gargoyle Fighter began the quest for the
                  | Orb.
     0 | D:1      | Reached XP level 1. HP: 14/14 MP: 1/1
    62 | D:1      | Reached XP level 2. HP: 18/19 MP: 2/2
   445 | D:1      | Reached XP level 3. HP: 23/23 MP: 3/3
   783 | D:2      | Reached XP level 4. HP: 24/28 MP: 4/4
  1301 | D:2      | Reached XP level 5. HP: 32/32 MP: 5/5
  1931 | D:3      | Found a shattered altar of Ashenzari.
  2019 | D:3      | Found a basalt altar of Yredelemnul.
  2021 | D:3      | Noticed Menkaure
  2025 | D:3      | Found an ancient bone altar of Kikubaaqudgha.
  2072 | D:3      | Found a transporter.
  2087 | D:3      | Found a transporter.
  2262 | D:3      | Noticed a big kobold
  2279 | D:3      | Killed a big kobold
  2279 | D:3      | Reached XP level 6. HP: 35/37 MP: 6/6
  2659 | D:3      | Slain by Menkaure

Vault maps used:
D:1:      noname_arrival_rooms_in_the_neighbourhood
D:2:      first_ration
D:3:      gammafunk_temple_of_torment, nicolae_ashenzari_panopticon

Skill      XL: |  1  2  3  4  5 |
---------------+----------------+-----
Maces & Flails | 3 4 |  4.8
Armour         | 4 |  4.7
Shields        | 4 |  4.8
Fighting       | |  3.2

Action                   |  1- 3 |  4- 6 || total
-------------------------+-------+-------++-------
Melee: Flail             |   145 |   247 ||   392
  Use: Scroll            |       |     4 ||     4
       Potion            |       |     1 ||     1
  Eat: Chunk             |       |     3 ||     3
       Ration            |       |     1 ||     1
Armor: Scale mail        |   101 |   163 ||   264
       Skin              |       |    17 ||    17
Dodge: Dodged            |    62 |    88 ||   150
Block: Shield            |    92 |   174 ||   266

Table legend:
 A = Non-vault XP
 B = Vault XP
 C = Vault XP percentage of total XP
 D = Non-vault monster count
 E = Vault monster count
 F = Vault count percentage of total count
                 A         B        C        D         E       F
            +---------+---------+-------+---------+---------+-------
      Total |     398 |      49 |  11.0 |      84 |       1 |   1.2
            +---------+---------+-------+---------+---------+-------
        D:1 |      55 |       0 |   0.0 |      27 |       0 |   0.0
        D:2 |     145 |       0 |   0.0 |      33 |       0 |   0.0
        D:3 |     198 |      49 |  19.8 |      24 |       1 |   4.0
            +---------+---------+-------+---------+---------+-------
